Map: Oxide LE

Players

Trap

  • Race: Protoss Protoss
  • League: Master

DPGZest (Zest) - Winner!

  • Race: Protoss Protoss

Event: TSL 7

VOD

Have the link to the VOD?

Description

Time

  • Played on: June 27, 2021, 1:13 p.m.
  • Length: 10:51

All games in this series

Show
View Real Time Build Order
Export as new Build Order

Trap Protoss 

Build Orders: Phoenix Opening, Blink Stalkers 

Get SALT Encoding   

  12  0:00  Probe  
  13  0:12  Probe  
  14  0:17  Pylon  
  14  0:24  Probe (Chrono Boost)  
  15  0:36  Probe (Chrono Boost)  
  15  0:37  Gateway  
  16  0:45  Probe (Chrono Boost)  
  16  0:46  Assimilator  
  17  0:50  Probe  
  17  0:55  Assimilator  
  18  1:03  Probe (Chrono Boost)  
  19  1:05  Pylon  
  19  1:14  Probe (Chrono Boost)  
  20  1:19  Probe (Chrono Boost)  
  20  1:25  Cybernetics Core  
  21  1:29  Probe  
  21  1:31  Zealot  
  24  1:41  Probe  
  25  1:53  Probe  
  26  2:04  Nexus  
  26  2:06  Sentry (Chrono Boost)  
  28  2:11  Warp Gate  
  28  2:17  Pylon  
  28  2:20  Probe  
  29  2:24  Sentry  
  31  2:35  Probe  
  32  2:38  Gateway  
  32  2:47  Probe  
  32  2:50  Stalker (Chrono Boost)  
  35  2:56  Twilight Council  
  35  3:02  Shield Battery  
  35  3:05  Probe  
  36  3:11  Phoenix  
  36  3:17  Stalker (Chrono Boost)  
  36  3:18  Probe  
  36  3:19  Probe  
  39  3:30  Probe  
  39  3:31  Probe  
  39  3:32  Blink (Chrono Boost)  
  41  3:42  Probe  
  41  3:43  Probe  
  42  3:58  Stalker  
  42  3:59  Stalker  
  41  4:04  Probe (Chrono Boost)  
  41  4:07  Probe (Chrono Boost)  
  43  4:14  Forge  
  43  4:16  Probe (Chrono Boost)  
  45  4:20  Probe (Chrono Boost)  
  45  4:21  Probe (Chrono Boost)  
  44  4:29  Probe (Chrono Boost)  
  44  4:30  Probe (Chrono Boost), Stalker  
  48  4:35  Stalker  
  50  4:42  Probe (Chrono Boost)  
  50  4:43  Protoss Ground Weapons Level 1 (Chrono Boost)  
  52  4:46  Probe (Chrono Boost)  
  52  4:49  Pylon  
  52  4:50  Probe (Chrono Boost)  
  52  4:52  Probe (Chrono Boost)  
  54  4:57  Assimilator  
  54  5:06  Robotics Facility  
  54  5:07  Probe x2  
  54  5:11  Stalker  
  54  5:13  Stalker  
  60  5:20  Probe, Pylon  
  60  5:21  Probe  
  62  5:33  Gateway  
  62  5:34  Gateway  
  62  5:38  Probe  
  62  5:39  Stalker  
  62  5:42  Stalker  
  67  5:46  Shield Battery  
  67  5:51  Pylon  
  68  5:57  Warp Prism (Chrono Boost)  
  69  6:11  Stalker x2  
  69  6:14  Resonating Glaives  
  69  6:15  Gateway  
  73  6:24  Immortal (Chrono Boost)  
  73  6:26  Gateway  
  77  6:34  Gateway  
  77  6:37  Pylon  
  77  6:41  Pylon  
  77  6:57  Dark Shrine, Immortal (Chrono Boost), Sentry  
  83  7:02  Sentry  
  83  7:03  Adept  
  87  7:10  Adept x2  
  87  7:13  Pylon  
  87  7:15  Pylon  
  91  7:21  Assimilator  
  91  7:29  Observer (Chrono Boost)  
  92  7:35  Adept x5  
  102  7:42  Adept x2  
  104  7:49  Pylon  
  104  7:51  Pylon  
  102  8:08  Adept x6  
  102  8:09  Adept  
  112  8:36  Dark Templar x2  
  112  8:38  Adept  
  112  8:39  Zealot x2, Adept x2  
  121  8:59  Adept x5  
  109  9:04  Warp Prism (Chrono Boost)  
  83  9:10  Dark Templar  
  59  9:32  Stalker x2, Adept  
  59  9:33  Adept x2  
  61  9:39  Adept  
  59  9:55  Stalker x2  
  59  9:56  Stalker x2  
  67  10:21  Adept x6  
  79  10:33  Sentry  
Show
View Real Time Build Order
Export as new Build Order

DPGZest Protoss - Winner!

Build Orders: Oracle Opening 

Get SALT Encoding   

  12  0:00  Probe  
  13  0:12  Probe  
  14  0:17  Pylon  
  14  0:24  Probe (Chrono Boost)  
  15  0:36  Probe (Chrono Boost)  
  15  0:38  Gateway  
  16  0:44  Probe (Chrono Boost)  
  16  0:46  Assimilator  
  17  0:51  Probe  
  18  1:03  Probe (Chrono Boost)  
  19  1:04  Assimilator  
  19  1:06  Pylon  
  19  1:14  Probe (Chrono Boost)  
  20  1:19  Probe (Chrono Boost)  
  20  1:24  Cybernetics Core  
  21  1:29  Probe  
  21  1:30  Zealot  
  24  1:41  Probe  
  25  1:59  Nexus  
  25  2:09  Stargate  
  25  2:15  Adept  
  27  2:19  Probe  
  28  2:23  Warp Gate  
  28  2:30  Pylon  
  28  2:31  Probe  
  29  2:43  Probe  
  30  2:47  Adept  
  31  2:51  Oracle (Chrono Boost)  
  31  2:55  Probe  
  35  3:07  Probe  
  36  3:17  Probe  
  36  3:19  Probe  
  38  3:20  Oracle (Chrono Boost)  
  41  3:29  Probe  
  41  3:31  Probe  
  41  3:33  Gateway  
  43  3:41  Probe  
  44  3:44  Probe, Twilight Council  
  45  3:53  Probe  
  46  3:56  Probe  
  47  4:05  Probe  
  47  4:08  Probe  
  47  4:12  Gateway  
  47  4:13  Pylon  
  45  4:17  Probe  
  45  4:19  Blink (Chrono Boost)  
  45  4:20  Probe  
  47  4:27  Stalker  
  47  4:28  Stalker  
  47  4:29  Probe  
  52  4:32  Probe  
  52  4:36  Pylon  
  52  4:37  Assimilator  
  53  4:41  Probe  
  53  4:43  Pylon  
  54  4:49  Probe  
  55  4:53  Probe  
  55  4:55  Gateway  
  56  5:02  Stalker x2  
  60  5:09  Forge  
  60  5:11  Assimilator  
  60  5:16  Nexus, Stalker  
  60  5:19  Pylon  
  62  5:23  Probe  
  62  5:24  Probe  
  64  5:29  Stalker  
  64  5:30  Stalker  
  64  5:34  Protoss Ground Weapons Level 1 (Chrono Boost)  
  68  5:35  Probe  
  68  5:36  Probe  
  68  5:42  Stalker  
  72  5:48  Probe x2  
  74  5:56  Charge (Chrono Boost), Stalker x3  
  80  6:00  Probe  
  80  6:01  Probe  
  82  6:12  Probe  
  82  6:13  Probe  
  82  6:17  Sentry  
  82  6:18  Gateway x2  
  86  6:21  Pylon  
  86  6:28  Probe  
  87  6:42  Gateway  
  87  6:43  Gateway  
  87  6:44  Stalker x3  
  87  6:46  Stalker  
  95  6:53  Shield Battery  
  95  6:55  Pylon  
  95  6:57  Gateway  
  95  7:15  Gateway  
  95  7:17  Templar Archives, Zealot x6  
  107  7:23  Robotics Facility  
  107  7:24  Pylon x2  
  107  7:30  Shield Battery  
  107  7:36  Pylon  
  107  7:44  Zealot x6  
  119  8:02  High Templar x2  
  123  8:07  High Templar x2, Zealot  
  123  8:08  Zealot x2  
  123  8:10  Pylon  
  123  8:11  Gateway, Archon x2  
  133  8:30  Zealot x4  
  141  8:45  Pylon x2  
  141  8:47  Pylon  
  141  8:58  Zealot x4  
  141  8:59  Zealot  
  141  9:00  Zealot x2  
  141  9:01  Zealot  
  127  9:08  Observer (Chrono Boost)  
  78  9:21  Observer (Chrono Boost), Zealot x5  
  78  9:22  Zealot x3  
  79  9:38  Immortal (Chrono Boost)  
  79  9:43  High Templar x2  
  79  9:44  High Templar x2  
  79  9:45  Zealot x3, Sentry  
  99  9:47  Photon Cannon  
  99  9:48  Archon x2  
  99  9:52  Photon Cannon  
  99  9:56  Photon Cannon  
  99  10:08  High Templar x2, Zealot  
  99  10:09  Zealot  
  99  10:12  Immortal (Chrono Boost)  
  111  10:15  Archon  
  111  10:24  Zealot  
  111  10:25  Zealot x3  
  116  10:34  Zealot x2  
Tags
 
Add a new tag
Caveats
  • Supply blocks, unpowered buildings, or Contaminate may cause inaccurate times.
  • Supply counts are checked every 10 seconds.